 Dungeon Crawl Stone Soup version 0.27-a0-860-gaf99fae3ca (webtiles) character file.

Game seed: 17960579895340673945

35 Cancer the Chopper (level 3, -4/34 HPs)
             Began as a Hill Orc Monk on Apr 1, 2021.
             Slain by Natasha (8 damage)
             ... on level 1 of the Dungeon.
             The game lasted 00:02:24 (1257 turns).

Cancer the Chopper (Hill Orc Monk)                  Turns: 1257, Time: 00:02:25

Health: -4/34      AC:  6    Str: 14    XL:     3   Next: 33%
Magic:  3/3        EV:  9    Int: 10    God:
Gold:   58         SH:  0    Dex: 13    Spells: 2/2 levels left

rFire    . . .     SeeInvis .   a - +0 hand axe
rCold    . . .     Faith    .   (no shield)
rNeg     . . .     Spirit   .   i - +0 scale mail
rPois    .         Reflect  .   (no helmet)
rElec    .         Harm     .   (no cloak)
rCorr    .         Rampage  .   (no gloves)
Will     .....                  (no boots)
Stlth    ..........             (no amulet)
HPRegen  0.11/turn              (no ring)
MPRegen  0.08/turn              (no ring)

@: slowed, very slow
A: no striking features
a: no special abilities


You were on level 1 of the Dungeon.
You visited 1 branch of the dungeon, and saw 2 of its levels.

You collected 58 gold pieces.

Inventory:

Hand Weapons
 a - a +0 hand axe (weapon)
Missiles
 f - 13 poisoned darts (quivered)
Armour
 b - a +0 robe
 i - a +0 scale mail (worn)
Scrolls
 d - a scroll of magic mapping {unknown}
 e - a scroll of fog {unknown}
 j - a scroll of holy word {unknown}
Potions
 c - a potion of attraction {unknown}
 g - a potion of berserk rage {unknown}
 h - 2 potions of lignification {unknown}
 k - a potion of brilliance {unknown}
 l - 2 potions of flight {unknown}


   Skills:
 + Level 4.5 Fighting
 + Level 4.9 Axes
 - Level 2.4 Dodging
 - Level 1.5 Stealth


You had 2 spell levels left.
You didn't know any spells.
Your spell library contained the following spells:

 Spells                   Type           Power      Damage    Failure   Level
 Confusing Touch          Hex            0%         N/A       99%         3
 Gell's Gravitas          Tloc           0%         N/A       99%         3
 Portal Projectile        Hex/Tloc       0%         N/A       99%         3
 Passage of Golubria      Tloc           N/A        N/A       100%        4
 Petrify                  Tmut/Erth      0%         N/A       100%        4
 Manifold Assault         Tloc           0%         N/A       100%        5
 Metabolic Englaciation   Hex/Ice        0%         N/A       100%        5
 Yara's Violent Unravell  Hex/Tmut       0%         3d3       100%        5
 Dispersal                Tloc           0%         N/A       100%        6
 Disjunction              Tloc           0%         N/A       100%        8


Dungeon Overview and Level Annotations

Branches:
Dungeon (2/15)

Altars:

Annotations:
D:1 Natasha
D:2 nat1


Message History

Natasha casts a spell at you. You resist with significant effort.
You hit Natasha but do no damage.
Natasha is lightly wounded.
Natasha claws you. Natasha closely misses you.
You hit Natasha.
Natasha is moderately wounded.
Natasha mumbles some strange words.
Natasha glows brightly for a moment.
Natasha closely misses you.
You hit Natasha.
Natasha is heavily wounded.
Natasha claws you.
Natasha mumbles some strange words.
You closely miss Natasha.
Natasha is heavily wounded.
Natasha claws you!
* * * LOW HITPOINT WARNING * * *
Natasha completely misses you.
There is a stone staircase leading up here.
You hit Natasha.
Natasha is severely wounded.
The crimson imp shouts, "Get thee hence, thou pribbling onion-eyed snake-molt!"
Natasha barely misses you.
Natasha hisses.
Natasha closely misses you. Natasha claws you but does no damage.
You climb upwards.
The shadow imp disappears in a puff of smoke!
The crimson imp disappears in a puff of smoke!
There is a stone staircase leading down here.
You hit Natasha but do no damage.
Natasha is severely wounded.
Natasha claws you.
* * * LOW HITPOINT WARNING * * *
Natasha closely misses you.
You hit Natasha but do no damage.
Natasha is severely wounded.
Natasha claws you!
You die...

### ##.## ##...## #.....#
##....##
#################..#.##########
##.............@h..###.........#
#.#........^..###.#÷#.########.#
##..#########.##...#.....## #.#
#..# #.##.#........# #.# #..#
#.##.####..##.# #.# #..#
#.##...#.#.#..# #.# ###..######
#.##..##.###..# #.# ≈≈≈≈§≈≈≈≈≈#
#....#..#..#..# #.#
≈8≈≈≈§≈§8≈#######.###.##...####.#


You could see Natasha.

Vanquished Creatures
  Natasha (D:2)
  A dart slug (D:1)
  A bat (D:1)
  An endoplasm (D:1)
  A quokka (D:1)
  A ball python (D:1)
  A frilled lizard (D:1)
  A kobold (D:1)
8 creatures vanquished.

Notes
Turn   | Place    | Note
-------+----------+-------------------------------------------
     0 | D:1      | Cancer the Hill Orc Monk began the quest for the Orb.
     0 | D:1      | Reached XP level 1. HP: 19/19 MP: 1/1
   375 | D:1      | Reached XP level 2. HP: 25/27 MP: 2/2
   948 | D:2      | Noticed Natasha
   951 | D:2      | Noticed a crimson imp
   952 | D:2      | Noticed a crimson imp
   960 | D:2      | Killed Natasha
   961 | D:2      | Reached XP level 3. HP: 21/34 MP: 3/3
   973 | D:2      | Noticed Natasha
  1257 | D:1      | Slain by Natasha

Illustrated notes

Levels and vault maps discovered:
D:1:      lightli_arrival_boilingwater, layout_loops_ring, minmay_octomino_j4
D:2:      layout_loops_cross, basic_ecumenical_altar, uniq_natasha,
          uniq_crazy_yiuf_cottage

Skill      XL: |  1  2 |
---------------+-------+-----
Fighting       | 4 |  4.5
Axes           | |  4.9
Dodging        | |  2.4
Stealth        | |  1.5

Action                   || total
-------------------------++-------
Melee: Hand axe          ||    56
Armor: Robe              ||     9
       Scale mail        ||     8
Dodge: Dodged            ||    26

Table legend: (Time is in decaauts)
 A = Elapsed time spent in this place.
 B = Non-inter-level travel time spent in this place.
 C = Inter-level travel time spent in this place.
 D = Time resting spent in this place.
 E = Time spent auto-exploring this place.
 F = Levels seen in this place.
 G = Mean time per level.
                   A        B        C        D        E       F      G
               +--------+--------+--------+--------+--------+-----+--------+
         Total |   1281 |   1264 |     17 |    222 |    853 |   2 |  640.5 |
       Dungeon |   1281 |   1264 |     17 |    222 |    853 |   2 |  640.5 |
               +--------+--------+--------+--------+--------+-----+--------+

Top non-repeatable levels by time:
     D:1: 1131 daAuts
     D:2: 150 daAuts
